 Dungeon Crawl Stone Soup version 0.31-a0-23-gcbde74481b (console) character file.

Game seed: 11774155386802218026

177 petzl the Sneak (level 5, -18/42 HPs)
             Began as a Formicid Delver on May 13, 2023.
             Demolished by a skeletal warrior
             ... wielding a +1 halberd of protection
              (20 damage)
             ... on level 8 of the Dungeon.
             The game lasted 00:06:03 (858 turns).

petzl the Sneak (Formicid Delver)                    Turns: 858, Time: 00:06:03

Health: -18/42     AC:  4    Str: 17    XL:     5   Next: 87%
Magic:  10/10      EV: 12    Int: 11    God:
Gold:   62         SH:  0    Dex: 15    Spells: 11/11 levels left

rFire   . . .        a - +0 shortbow
rCold   . . .        (no shield)
rNeg    . . .        j - +0 leather armour
rPois   .            (helmet unavailable)
rElec   .            l - +0 cloak
rCorr   .            (no gloves)
SInv    +            (no boots)
Will    .....        (no amulet)
Stlth   +++          (no ring)
HPRegen 0.27/turn    (no ring)
MPRegen 0.12/turn

%: no passive effects
@: no status effects
A: permanent stasis, dig shafts and tunnels, antennae 3, four strong arms
a: Dig, Shaft Self


You were on level 8 of the Dungeon.
You visited 1 branch of the dungeon, and saw 5 of its levels.

You collected 62 gold pieces.

Inventory:

Hand Weapons
 a - a +0 shortbow (weapon)
 b - a +1 dagger of freezing {!f =f}
 k - a +0 mace
Missiles
 g - 11 poisoned darts
Armour
 j - a +0 leather armour (worn)
 l - a +0 cloak (worn)
Wands
 f - a wand of digging (3)
Scrolls
 c - a scroll of fog
 d - 3 scrolls of magic mapping
 h - a scroll of teleportation {unknown}
 i - 2 scrolls of identify {unknown}
Potions
 m - a potion of degeneration {unknown}


   Skills:
 + Level 3.7 Fighting
 - Level 2.1 Maces & Flails
 * Level 1.6 Ranged Weapons
 - Level 1.9 Dodging
 + Level 6.4 Stealth
 + Level 3.7 Spellcasting


You had 11 spell levels left.
You didn't know any spells.
Your spell library was empty.

Dungeon Overview and Level Annotations

Branches:
Dungeon (9/15)
 Temple: D:4-7         Lair: D:8-11         Orc: D:9-12

Altars:
Qazlal

Annotations:
D:6 exclusion: downstairs
D:8 exclusion: steam dragon
D:9 exclusion: black bear


Innate Abilities, Weirdness & Mutations

You cannot be hasted, slowed, berserked, paralysed or teleported.
You can dig through walls and to a lower floor.
You have a pair of large antennae on your head. (SInv)
Your four strong arms can wield two-handed weapons with a shield.


Message History

Unknown command.
Found 14 gold pieces.
You now have 53 gold pieces (gained 14).
Found a stone staircase leading up.
Found 14 gold pieces.
Found 9 gold pieces.
Found a smoky golden potion.
There is a stone staircase leading up here.
m - a smoky golden potion You now have 62 gold pieces (gained 9).
There are no items here.
There is a stone staircase leading up here.
You climb upwards.
The iguana hisses angrily.
The bullfrog croaks.
The ufetubus shouts!
The skeletal warrior hits you with a +1 halberd of protection.
Found a battleaxe and 25 gold pieces.
There is a stone staircase leading down here.
The bullfrog barely misses you.
The skeletal warrior hits you with a +1 halberd of protection!!
Ouch! That really hurt!
The bullfrog hits you.
* * * LOW HITPOINT WARNING * * *
The ufetubus closely misses you. The ufetubus barely misses you.
The hound barks!
You climb downwards.
Level annotation: exclusion: steam dragon
There is a stone staircase leading up here.
Okay, then.
Okay, then.
Okay, then.
Okay, then.
The bullfrog attacks as you move away! The bullfrog hits you.
* * * LOW HITPOINT WARNING * * *
The skeletal warrior hits you from afar with a +1 halberd of protection.
* * * LOW HITPOINT WARNING * * *
As you read the scroll of fear, it crumbles to dust.
You assume a fearsome visage.
The skeletal warrior is unaffected.
The bullfrog looks frightened!
The skeletal warrior hits you from afar with a +1 halberd of protection!!
You die...

.# #.#.........# *.#****,* )#
*##.#.##.####.####.# *,* .#
*..................# *,*
.#####...####...........# *,*
...>..........####......#****,*
.#####.#.####.#* ###.##.....,,* ##
#.#,* *...****#.#*,*#.#******* #
*.#,* #...,,,*#.#*,,,,,,,,,,,, #
*.#,*##...*#,*#.#****,,,,,,,,,
#****#.#,,.....##.*#.#####.#******,
..,,,...,......*#.##.......# *,
##***#.#.......#,#.#.####### *,
#.#........###..# *,
#.#......,#$#.### *,
##.#.{....,*#.## *,
#####.........,*#.# *,
...##.>......#**#.# ***********,
........####.# #.# *,,,,,,,,,,,
##...........# #@# *,**,**,****
#####.##########<#### *,**,,,,,,,*
#.# #....z..# *,,,,,,,,,,, #.#
#.##F##.# *,**,**,**,* #.#
#.*#.#*,# *,*,,,,,,,,, ######.##
#.*#.#*,* *,,,,,,,**,* ........#
#.*#.#*,* *,*,,*****,* ######.##
#.*#.#*,***,*,,,,,,,,* ###
#.*#.#*,*,,,,,,,******
#.*#.#*,*,*,*,,,****
*,*...*,*,*,,,,,,,,*
*,*.#.*,*,***,,,,,,* *
**,#.*.#{*,***,*,*,,* *
*,,..*..,,,*,,,*,*,,*** *
*,*##*##*,,*,***,*,,,,* *
*******,,,,*,,,,,*,***,*,**,* *
**,,,,,,,,,,,,,,,,,,,,,,*,**,* *
*,,,,,,,,,,,**,**,,,,,,,,,**,* *
*,,***,,,,*,,*,*,,*,,*******,*


You could see a skeletal warrior and a bullfrog (fleeing).

Vanquished Creatures
  A centaur (D:9)
  A bullfrog (D:8)
  An orc wizard (D:8)
  A white imp (D:6)
  3 orcs
7 creatures vanquished.

Notes
Turn   | Place    | Note
-------+----------+-------------------------------------------
     0 | D:5      | petzl the Formicid Delver began the quest for the Orb.
     0 | D:5      | Reached XP level 1. HP: 18/18 MP: 1/1
    11 | D:6      | Reached XP level 2. HP: 18/24 MP: 2/2
    84 | D:7      | Noticed a steam dragon
   114 | D:7      | Noticed a water moccasin
   243 | D:5      | You fall into a shaft and drop 3 floors!
   249 | D:9      | Noticed a centaur
   253 | D:9      | Killed a centaur
   254 | D:9      | Reached XP level 3. HP: 16/29 MP: 2/7
   254 | D:9      | Reached XP level 4. HP: 19/35 MP: 2/9
   284 | D:9      | Noticed a bullfrog
   333 | D:8      | Noticed a steam dragon
   396 | D:8      | Reached XP level 5. HP: 27/41 MP: 10/10
   553 | D:8      | Noticed a bullfrog
   564 | D:8      | Killed a bullfrog
   565 | D:8      | Reached skill level 1 in Ranged Weapons
   635 | D:9      | Found a stormy altar of Qazlal.
   668 | D:9      | Noticed a black bear
   854 | D:7      | Noticed a sky beast
   854 | D:7      | Noticed a skeletal warrior
   854 | D:7      | Noticed a bullfrog
   857 | D:8      | HP: 1/42 [skeletal warrior/+1 halberd of protection (3)]
   858 | D:8      | Demolished by a skeletal warrior

Illustrated notes

Levels and vault maps discovered:
D:5:      layout_cave_pools, serial_bayou_lagoon_a, ldierk_geyser
D:6:      layout_rooms
D:7:      layout_loops_ring, nicolae_uskayaw_dance_hall,
          okawaru_metal_pillars_1_2, minmay_overflow_temple_star_quad,
          nzn_random_ring, uniq_duvessa
D:8:      layout_loops_ring, mainiacjoe_overflow_small_starburst,
          corexii_leaking_fountain
D:9:      layout_basic, grunt_qazlal_sundering, nzn_wu_jian_council_hall,
          david_lair_generic, minmay_holes, fungi_pond_lemuel,
          uniq_prince_ribbit1

Skill      XL: |  1  2  3  4  5 |
---------------+----------------+-----
Spellcasting   | 3 |  3.7
Ranged Weapons | 1 |  1.6
Fighting       | |  3.7
Maces & Flails | |  2.1
Dodging        | |  1.9
Stealth        | |  6.4

Action                     |  1- 3 |  4- 6 || total
---------------------------+-------+-------++-------
  Melee: Mace              |    12 |     6 ||    18
         Punch             |     1 |       ||     1
         Dagger            |       |     8 ||     8
   Fire: Shortbow          |       |     7 ||     7
Ability: Shaft Self        |     1 |       ||     1
    Use: Scroll            |       |     2 ||     2
   Stab: Sleeping          |     2 |       ||     2
 Armour: Leather armour    |     4 |       ||     4
  Dodge: Dodged            |    10 |    10 ||    20

Table legend: (Time is in decaauts)
 A = Elapsed time spent in this place.
 B = Non-inter-level travel time spent in this place.
 C = Inter-level travel time spent in this place.
 D = Time resting spent in this place.
 E = Time spent auto-exploring this place.
 F = Levels seen in this place.
 G = Mean time per level.
                   A        B        C        D        E       F      G
               +--------+--------+--------+--------+--------+-----+--------+
         Total |    866 |    808 |     58 |    197 |    107 |   5 |  173.2 |
       Dungeon |    866 |    808 |     58 |    197 |    107 |   5 |  173.2 |
               +--------+--------+--------+--------+--------+-----+--------+

Top non-repeatable levels by time:
     D:8: 401 daAuts
     D:9: 216 daAuts
     D:6: 163 daAuts
     D:7: 60 daAuts
     D:5: 24 daAuts
